 Dungeon Crawl Stone Soup version 0.30-a0-937-ga0a21ad780 (webtiles) character file.

Game seed: 17656072237092333983

149 voltaire321 the Poker (level 5, -5/41 HPs)
             Began as a Merfolk Gladiator on Mar 25, 2023.
             Killed by divine providence
             ... invoked by an orc priest
              (15 damage)
             ... on level 2 of the Dungeon.
             The game lasted 00:04:34 (1752 turns).

voltaire321 the Poker (Merfolk Gladiator)           Turns: 1752, Time: 00:04:35

Health: -5/41      AC:  4    Str: 15    XL:     5   Next: 31%
Magic:  5/5        EV: 14    Int:  7    God:
Gold:   76         SH:  0    Dex: 17    Spells: 4/4 levels left

rFire   . . .      SeeInvis .    a - +0 trident
rCold   . . .      Faith    .    (no shield)
rNeg    . . .      Spirit   .    b - +0 leather armour
rPois   .          Reflect  .    c - +0 helmet
rElec   .          Rampage  .    (no cloak)
rCorr   .                        (no gloves)
Will    .....                    (no boots)
Stlth   +                        (no amulet)
HPRegen 0.26/turn                (no ring)
MPRegen 0.09/turn                (no ring)

@: no status effects
A: (nimble swimmer 2), mertail
a: no special abilities


You were on level 2 of the Dungeon.
You visited 1 branch of the dungeon, and saw 2 of its levels.

You collected 76 gold pieces.

Inventory:

Hand Weapons
 a - a +0 trident (weapon)
Missiles
 d - 4 throwing nets
 e - a javelin
 i - 6 curare-tipped darts (quivered)
 l - 12 boomerangs
Armour
 b - a +0 leather armour (worn)
 c - a +0 helmet (worn)
Jewellery
 n - an amulet of magic regeneration
Scrolls
 g - a scroll of noise {unknown}
 k - 4 scrolls of identify {unknown}
 m - a scroll of fear {unknown}
 q - a scroll of enchant weapon {unknown}
Potions
 f - a potion of cancellation {unknown}
 h - a potion of might {unknown}
 j - a potion of attraction {unknown}
 o - a potion of mutation {unknown}
 p - a potion of resistance {unknown}


   Skills:
 + Level 3.2 Fighting
 + Level 4.9 Polearms
 + Level 3.0 Throwing
 + Level 1.3 Armour
 + Level 4.9 Dodging


You had 4 spell levels left.
You didn't know any spells.
Your spell library contained the following spells:

 Spells                   Type           Power      Damage    Failure   Level
 Shock                    Conj/Air       0%         1d3       50%         1
 Stone Arrow              Conj/Erth      0%         3d7       86%         3
 Summon Lightning Spire   Summ/Air       0%         N/A       99%         4
 Yara's Violent Unravell  Hex/Tmut       0%         3d3       100%        5
 Enfeeble                 Hex            0%         N/A       100%        7
 Spellforged Servitor     Conj/Summ      0%         N/A       100%        7


Dungeon Overview and Level Annotations

Branches:
Dungeon (2/15)

Altars:
Hepliaklqana

Annotations:
D:2 Sigmund


Innate Abilities, Weirdness & Mutations

((You are very nimble when in or above water. (Stealth+, EV+, Speed+++)))
Your lower body shifts to a powerful aquatic tail in water.


Message History

The orc priest is heavily wounded.
The orc priest hits you but does no damage.
An orc comes into view. It is wielding a +2 dagger of venom.
The orc shouts!
You hit the orc priest.
The orc priest is severely wounded.
You hear a shout!
The orc priest barely misses you.
The orc priest invokes the aid of Beogh against you.
Beogh smites you!
The orc shouts!
You hit the orc priest.
The orc priest is almost dead.
The orc priest hits you with a +2 short sword of flaming.
The orc priest burns you.
You barely miss the orc priest.
The orc priest is almost dead.
The orc priest begins to cast a cantrip, but forgets the words!
You hit the orc priest but do no damage.
The orc priest is almost dead.
The orc priest hits you with a +2 short sword of flaming.
The orc priest burns you.
You closely miss the orc priest.
The orc priest is almost dead.
The orc priest mumbles some strange prayers to Beogh against you.
Pain shoots through your body!
* * * LOW HITPOINT WARNING * * *
An orc wizard comes into view. It is wielding a +0 dagger.
You closely miss the orc priest.
The orc priest is almost dead.
The orc wizard shouts!
The orc wizard casts a spell.
The orc wizard flickers and vanishes!
Deactivating autopickup; reactivate with Ctrl-A.
The orc priest attacks as you move away!
The orc priest closely misses you. The orc attacks as you move away!
The orc barely misses you.
The orc priest invokes the aid of Beogh against you.
Beogh smites you!
You die...

######## #......#
#......#########
#......##......## #
#....<.#........## ..
#...>......[.....# ...
#.@####..........# .... #..#
#..........# .....#####oo#
#..........#
...{.....)o#####..........##
.........(.....))...........
.....#.#...#####..........#.
.$. ...#.### #...>......#. .
...###.# #..........## .....
#.# #..........##


You could see an orc priest and 2 orcs.

Vanquished Creatures
  An orc priest (D:2)
  Robin (D:2)
  3 gnolls
  2 adders (D:2)
  A worm (D:2)
  2 dart slugs (D:1)
  3 endoplasms
  A giant cockroach (D:2)
  11 goblins (D:2)
  4 hobgoblins
  3 jackals (D:1)
  3 kobolds (D:1)
  2 quokkas (D:2)
  4 ball pythons
  5 bats
  4 frilled lizards
  6 rats
56 creatures vanquished.

Notes
Turn   | Place    | Note
-------+----------+-------------------------------------------
     0 | D:1      | voltaire321 the Merfolk Gladiator began the quest for the
                  | Orb.
     0 | D:1      | Reached XP level 1. HP: 16/16 MP: 1/1
    73 | D:1      | Got the Quarto of the Blasted Wind
   153 | D:1      | Found a faded altar of an unknown god.
   167 | D:1      | Reached XP level 2. HP: 21/23 MP: 2/2
   607 | D:1      | Reached XP level 3. HP: 25/28 MP: 3/3
   986 | D:2      | Reached XP level 4. HP: 20/34 MP: 4/4
  1085 | D:2      | Reached skill level 1 in Armour
  1236 | D:2      | Noticed Robin
  1274 | D:2      | Killed Robin
  1422 | D:2      | Reached XP level 5. HP: 13/41 MP: 5/5
  1431 | D:2      | Noticed Sigmund
  1596 | D:2      | Found a hazy altar of Hepliaklqana.
  1752 | D:2      | Killed from afar by an orc priest

Illustrated notes

Levels and vault maps discovered:
D:1:      denvon_arrival_planthouse, layout_loops_corners,
          hellmonk_ecumenical_altar_blasted, fountainhead
D:2:      layout_rooms, basic_altar, minmay_misc_feat_cross,
          columned_hall_lemuel, kennysheep_decorative_pillar, uniq_robin,
          uniq_sigmund

Skill      XL: |  1  2  3  4  5 |
---------------+----------------+-----
Armour         | 1 |  1.3
Fighting       | 3 |  3.2
Throwing       | 3 |  3.0
Polearms       | |  4.9
Dodging        | |  4.9

Action                     |  1- 3 |  4- 6 || total
---------------------------+-------+-------++-------
  Melee: Trident           |    92 |   108 ||   200
         Punch             |     1 |     2 ||     3
   Stab: Sleeping          |     1 |       ||     1
 Armour: Leather armour    |    18 |    23 ||    41
  Dodge: Dodged            |    47 |    77 ||   124

Table legend: (Time is in decaauts)
 A = Elapsed time spent in this place.
 B = Non-inter-level travel time spent in this place.
 C = Inter-level travel time spent in this place.
 D = Time resting spent in this place.
 E = Time spent auto-exploring this place.
 F = Levels seen in this place.
 G = Mean time per level.
                   A        B        C        D        E       F      G
               +--------+--------+--------+--------+--------+-----+--------+
         Total |   1762 |   1702 |     60 |    287 |    892 |   2 |  881.0 |
       Dungeon |   1762 |   1702 |     60 |    287 |    892 |   2 |  881.0 |
               +--------+--------+--------+--------+--------+-----+--------+

Top non-repeatable levels by time:
     D:1: 1130 daAuts
     D:2: 632 daAuts
